[Event "Early Titled Tuesday Blitz | February 8 2022"]
[White "Goltseva, Ekaterina"]
[Black "Williams, Simon K"]
[WhiteFideId "24173770"]
[BlackFideId "404454"]
[WhiteElo "2140"]
[BlackElo "2468"]
[Result "1-0"]
[Round "09"]
[TimeControl "180+1"]
[Date "2022.02.08"]
[WhiteClock "0:00:07"]
[BlackClock "0:00:11"]

1. d4 e6 2. c4 b6 3. a3 c5 4. d5 exd5 5. cxd5 d6 6. Nc3 Nf6 7. e4 g6 8. Bg5 Bg7 9. Bb5+ Bd7 10. Bd3 b5 11. Nxb5 Qa5+ 12. Bd2 Qb6 13. a4 O-O 14. a5 Qb7 15. Nxd6 Qxb2 16. Rb1 Qe5 17. Nc4 Qe7 18. Qe2 Re8 19. d6 Qe6 20. e5 Nc6 21. exf6 Qxf6 22. Be3 Nd4 23. Qd2 Bc6 24. Kf1 Rab8 25. Re1 Nf5 26. d7 Bxd7 27. Nf3 Bc6 28. Bxf5 Qxf5 29. Nd6 Qg4 30. Nxe8 Rxe8 31. Bxc5 Rc8 32. Be3 Bxf3 33. gxf3 Qxf3 34. Rg1 Be5 35. Rg2 Qh3 36. Kg1 Bf6 37. Qe2 Re8 38. Qg4 Qxg4 39. Rxg4 h5 40. Rb4 Bc3 41. Rbb1 Bxe1 42. Rxe1 a6 43. Rb1 Re5 44. Bb6 Rd5 45. Rc1 Kh7 46. Rc8 Kg7 47. Rc7 Rd1+ 48. Kg2 g5 49. h4 g4 50. Ra7 Kg6 51. Rxa6 f5 52. Be3+ Kf7 53. Ra7+ Ke6 54. a6 Ke5 55. Re7+ Kd6 56. Rf7 Ke6 57. Rc7 Ra1 58. a7 Ke5 59. Re7+ Kf6 60. Re8 Kf7 61. a8=Q 1-0


[Site "https://www.chess.com"]

[Event "Early Titled Tuesday Blitz | February 8 2022"]
[White "Gombocz, Ferenc Jr."]
[Black "Musovic, Armin"]
[WhiteFideId "775029"]
[BlackFideId "939935"]
[WhiteElo "1913"]
[BlackElo "2250"]
[Result "1-0"]
[Round "09"]
[TimeControl "180+1"]
[Date "2022.02.08"]
[WhiteClock "0:00:04"]
[BlackClock "0:00:07"]

1. c4 c6 2. g3 Nf6 3. Bg2 d5 4. Nf3 d4 5. O-O c5 6. e3 Nc6 7. exd4 Nxd4 8. Nxd4 Qxd4 9. d3 g6 10. Nc3 a6 11. Be3 Qd6 12. d4 cxd4 13. Qxd4 Qxd4 14. Bxd4 Bg7 15. Nd5 Nxd5 16. Bxg7 Rg8 17. Be5 Nb6 18. Rac1 Nd7 19. Bc7 Nc5 20. Rfd1 Bg4 21. Rd4 Ne6 22. Rxg4 Nxc7 23. Bxb7 Rb8 24. Bc6+ Kf8 25. b3 Kg7 26. Rd4 Ne6 27. Rd7 Nc5 28. Rxe7 Kf6 29. Ra7 Nd3 30. Rd1 Nb4 31. Bd5 Rgf8 32. a3 Nxd5 33. Rxd5 Rxb3 34. Rxa6+ Kg7 35. Rd7 h5 36. Raa7 h4 37. Kg2 Rc3 38. Rdc7 g5 39. gxh4 gxh4 40. h3 Kf6 41. Ra6+ Ke5 42. Re7+ Kd4 43. Rd7+ Ke5 44. Ra5+ Ke6 45. Rd4 Rg8+ 46. Rg4 Rxg4+ 47. hxg4 Rxc4 48. Kh3 Rf4 49. Rf5 Ra4 50. Rf3 f5 51. Rxf5 Rxa3+ 52. Kxh4 Ra1 53. Rf3 Ke5 54. Kg5 Ra8 55. Rf7 Rg8+ 56. Kh5 Ke6 57. Rh7 Rf8 58. g5 Rxf2 59. g6 Rh2+ 60. Kg5 Rg2+ 61. Kh6 Rh2+ 62. Kg7 Ra2 63. Rh1 Ra8 64. Re1+ Kf5 65. Re7 Rb8 66. Kf7 Rb6 67. g7 Rf6+ 68. Kg8 Kg6 69. Kh8 Kf5 70. g8=Q Rh6+ 71. Rh7 Rg6 72. Rh5+ Kf6 73. Qf8+ Ke6 74. Qe8+ Kf6 75. Qc6+ Ke7 76. Rh7+ Kf8 77. Qc8# 1-0


[Site "https://www.chess.com"]

[Event "Early Titled Tuesday Blitz | February 8 2022"]
[White "Goryachkina, Aleksandra"]
[Black "Samunenkov, Ihor"]
[WhiteFideId "4147103"]
[BlackFideId "14187086"]
[WhiteElo "2426"]
[BlackElo "2406"]
[Result "0-1"]
[Round "09"]
[TimeControl "180+1"]
[Date "2022.02.08"]
[WhiteClock "0:00:03"]
[BlackClock "0:00:04"]

1. e4 c6 2. d4 d5 3. exd5 cxd5 4. Bd3 Nc6 5. c3 Qc7 6. h3 g6 7. Nf3 Bf5 8. O-O Nf6 9. Na3 Bxd3 10. Qxd3 Bg7 11. Re1 O-O 12. Ne5 Ne4 13. Bf4 Nxe5 14. dxe5 Bxe5 15. Bxe5 Qxe5 16. Rad1 Qf6 17. f3 Qb6+ 18. Qd4 Qxb2 19. fxe4 Qxa3 20. exd5 Rac8 21. Rd3 b5 22. c4 Qb4 23. Qe3 bxc4 24. Rd4 Qb6 25. Kh1 Rc7 26. Rc1 Rfc8 27. Qc3 Qd6 28. Re1 Rc5 29. Red1 a6 30. h4 h5 31. R1d2 Rd8 32. Rd1 Qf6 33. Qb4 Rdc8 34. Qc3 Rxd5 35. Qe3 Rxd4 36. Rxd4 c3 37. Rf4 c2 0-1


[Site "https://www.chess.com"]

[Event "Early Titled Tuesday Blitz | February 8 2022"]
[White "Grandelius, Nils"]
[Black "Martinez Alcantara, Jose Eduardo"]
[WhiteFideId "1710400"]
[BlackFideId "3805662"]
[WhiteElo "2617"]
[BlackElo "2690"]
[Result "1-0"]
[Round "09"]
[TimeControl "180+1"]
[Date "2022.02.08"]
[WhiteClock "0:00:17"]
[BlackClock "0:00:08"]

1. d4 Nf6 2. Nf3 e6 3. c4 Bb4+ 4. Bd2 Qe7 5. g3 Bxd2+ 6. Qxd2 Nc6 7. Bg2 d5 8. O-O O-O 9. Na3 Rd8 10. Rac1 Nb4 11. b3 a5 12. Qb2 b6 13. cxd5 exd5 14. Ne5 Bb7 15. Rfd1 c5 16. e3 h6 17. Nb5 Ba6 18. Nc3 Rac8 19. Na4 cxd4 20. exd4 Bb5 21. a3 Na6 22. Rxc8 Rxc8 23. Nxb6 Rd8 24. Qc3 Qxa3 25. Ra1 Qb4 26. Qxb4 axb4 27. Ra5 Nc7 28. Ra7 Ne6 29. Nxf7 Rf8 30. Nd6 Bc6 31. Nf5 Kh7 32. Re7 Ng5 33. Rxg7+ Kh8 34. Rc7 Bb5 35. h4 Nge4 36. Nxh6 Nxf2 37. Nf7+ Kg8 38. Kxf2 Rxf7 39. Rxf7 Kxf7 40. Nxd5 Ng4+ 41. Ke1 Nh6 42. Nxb4 Nf5 43. Kf2 Nxd4 44. Bd5+ Kf6 45. Bc4 Bd7 46. Nd5+ Ke5 47. Ne3 Ke4 48. g4 Kf4 49. g5 Be8 50. b4 Nc6 51. b5 Na5 52. b6 Nb7 53. Bd5 Nc5 54. b7 Na6 55. Bf3 Ke5 56. Kg3 Nb8 57. h5 Bd7 58. h6 Be8 59. h7 1-0


[Site "https://www.chess.com"]

[Event "Early Titled Tuesday Blitz | February 8 2022"]
[White "Hamley, Ryan"]
[Black "Haddouche, Mohamed"]
[WhiteFideId "30959497"]
[BlackFideId "7900660"]
[WhiteElo "2477"]
[BlackElo "2443"]
[Result "0-1"]
[Round "09"]
[TimeControl "180+1"]
[Date "2022.02.08"]
[WhiteClock "0:00:02"]
[BlackClock "0:00:08"]

1. d4 Nf6 2. c4 g6 3. Nc3 Bg7 4. e4 d6 5. h3 O-O 6. Be3 c6 7. g4 a6 8. a4 a5 9. Nge2 Na6 10. Ng3 e5 11. d5 Nc5 12. Be2 Qb6 13. Rb1 Bd7 14. dxc6 Bxc6 15. Qxd6 Nfd7 16. Nd5 Qa7 17. O-O Rfd8 18. Rfd1 Bf8 19. Bxc5 Qxc5 20. Qxc5 Nxc5 21. b3 Ne6 22. Bf1 Bc5 23. Ne2 Kg7 24. Bg2 Rh8 25. h4 h5 26. g5 Rhd8 27. Nf6 Be7 28. Nd5 Bf8 29. Kf1 Nc5 30. f3 Ne6 31. Bh3 Bc5 32. Bxe6 fxe6 33. Nc7 Kf7 34. Nxa8 Rxa8 35. Kg2 Ke7 36. Rd3 Rf8 37. Rbd1 b6 38. Nc3 Rc8 39. Nb5 Rf8 40. Kf1 Rf7 41. Ke2 Rf4 42. Rd8 Rxh4 43. Rh8 Rh2+ 44. Kf1 Rh1+ 45. Ke2 Rh3 46. Rh7+ Ke8 47. Nd6+ Kf8 48. Nc8 Rh2+ 49. Kf1 Bd4 0-1


[Site "https://www.chess.com"]

[Event "Early Titled Tuesday Blitz | February 8 2022"]
[White "Dronavalli, Harika"]
[Black "Nesterov, Arseniy"]
[WhiteFideId "5015197"]
[BlackFideId "24198455"]
[WhiteElo "2382"]
[BlackElo "2489"]
[Result "1/2-1/2"]
[Round "09"]
[TimeControl "180+1"]
[Date "2022.02.08"]
[WhiteClock "0:00:28"]
[BlackClock "0:00:08"]

1. d4 d5 2. c4 e6 3. Nc3 Nf6 4. Bg5 Be7 5. e3 O-O 6. Qc2 Nbd7 7. Rd1 h6 8. Bh4 a6 9. a3 dxc4 10. Bxc4 b5 11. Be2 Bb7 12. Bf3 Qc8 13. Ne4 Nxe4 14. Bxe7 Re8 15. Bh4 Nd6 16. Bg3 e5 17. dxe5 Nxe5 18. Bxe5 Rxe5 19. Bxb7 Qxb7 20. Nf3 Rd5 21. O-O c5 22. Rxd5 Qxd5 23. Rd1 Qc4 24. Qd2 Ne4 25. Qd5 Qxd5 26. Rxd5 c4 27. Nd2 Nxd2 28. Rxd2 Rc8 29. g3 c3 30. bxc3 Rxc3 31. a4 bxa4 32. Rd6 a3 33. Rxa6 g6 34. Kf1 Kg7 35. h4 h5 36. Ke2 Rc2+ 37. Kf3 a2 38. Kg2 f5 39. Kf3 Kf7 40. Kg2 Ke7 41. Kf3 Kd7 42. Kf4 Rxf2+ 43. Kg5 Rg2 44. Kxg6 Rxg3+ 45. Kxf5 Rg2 46. e4 Rf2+ 47. Kg5 Re2 48. Kxh5 Rxe4 49. Rxa2 Ke7 50. Rf2 Re6 51. Kg5 Re5+ 52. Kg6 Re6+ 53. Kg7 Re4 54. h5 Rg4+ 55. Kh7 Rg5 56. Kh6 Rg1 57. Rf3 Ke6 58. Kh7 Ke7 59. h6 Ke8 60. Rf4 Ke7 61. Kh8 Ke8 62. Rf2 Ke7 63. h7 Ke8 64. Ra2 Kf7 65. Ra7+ Kf8 66. Ra8+ Kf7 67. Rg8 Rf1 68. Rg7+ Kf8 69. Rg8+ Kf7 70. Rg7+ Kf8 71. Rg8+ Kf7 1/2-1/2


[Site "https://www.chess.com"]

[Event "Early Titled Tuesday Blitz | February 8 2022"]
[White "Harshavardhan G B"]
[Black "Srihari L R"]
[WhiteFideId "25059009"]
[BlackFideId "46617116"]
[WhiteElo "1831"]
[BlackElo "2121"]
[Result "0-1"]
[Round "09"]
[TimeControl "180+1"]
[Date "2022.02.08"]
[WhiteClock "0:00:34"]
[BlackClock "0:00:18"]

1. e4 c5 2. Nf3 e6 3. d4 cxd4 4. Nxd4 Nc6 5. Nc3 Qc7 6. Be3 a6 7. Qd2 Nf6 8. O-O-O Bb4 9. f3 d5 10. a3 Ba5 11. Nb3 Bxc3 12. Qxc3 O-O 13. Bg5 dxe4 14. Bxf6 Qf4+ 15. Kb1 Qxf6 16. Qxf6 gxf6 17. fxe4 Rd8 18. Be2 Rxd1+ 19. Rxd1 Kf8 20. a4 Ke7 21. a5 Rb8 22. c3 e5 23. Bc4 f5 24. Rf1 f4 25. g3 Bh3 26. Rf2 Rg8 27. gxf4 Rg2 28. Rf3 Bg4 29. Rf1 Rxh2 30. Nc5 Nxa5 31. Bd5 Be2 32. Rg1 exf4 33. Rg7 Bh5 34. e5 Bg6+ 35. Ka2 Kf8 36. Rxg6 hxg6 37. Ka3 b5 38. Nxa6 Nc4+ 39. Kb4 Rxb2+ 40. Kc5 Nxe5 41. Nb4 f3 42. Kxb5 f2 43. Bg2 Ng4 44. Kc5 Ne3 45. Bh3 g5 46. Kd4 g4 47. Nd3 gxh3 48. Nxf2 Rxf2 49. Kxe3 Rf6 50. c4 h2 51. c5 h1=Q 52. c6 Qe1+ 53. Kd4 Rxc6 54. Kd5 Qe6+ 55. Kd4 Rc4+ 56. Kd3 Qe4+ 57. Kd2 Rc2+ 58. Kd1 Qe2# 0-1


[Site "https://www.chess.com"]

[Event "Early Titled Tuesday Blitz | February 8 2022"]
[White "Hartikainen, Jarmo"]
[Black "Stanisz, Patryk"]
[WhiteFideId "503134"]
[BlackFideId "1123106"]
[WhiteElo "2102"]
[BlackElo "1876"]
[Result "0-1"]
[Round "09"]
[TimeControl "180+1"]
[Date "2022.02.08"]
[WhiteClock "0:00:11"]
[BlackClock "0:00:18"]

1. e4 c5 2. Nf3 Nc6 3. d4 cxd4 4. Nxd4 Nf6 5. Nc3 e5 6. Ndb5 d6 7. Bg5 a6 8. Bxf6 gxf6 9. Na3 b5 10. Nd5 Bg7 11. Bd3 Ne7 12. Nxe7 Qxe7 13. O-O O-O 14. c3 f5 15. exf5 e4 16. Bc2 Bxf5 17. Bb3 Be5 18. Nc2 Qh4 19. g3 Qh3 20. Ne3 Bg6 21. Qg4 Qh6 22. Nf5 Qd2 23. Rad1 Qxb2 24. Nxd6 Kh8 25. Nxe4 f5 26. Qg5 Bg7 27. Rb1 Qe2 28. Nc5 f4 29. Ne6 Qf3 30. Nxf4 Be4 31. Bd5 Qh1# 0-1


[Site "https://www.chess.com"]

[Event "Early Titled Tuesday Blitz | February 8 2022"]
[White "Hoffmann, Asa"]
[Black "Zavgorodniy, Sergiy"]
[WhiteFideId "2001470"]
[BlackFideId "14110148"]
[WhiteElo "2117"]
[BlackElo "2420"]
[Result "0-1"]
[Round "09"]
[TimeControl "180+1"]
[Date "2022.02.08"]
[WhiteClock "0:00:23"]
[BlackClock "0:00:38"]

1. d4 Nf6 2. Bg5 e6 3. Nd2 h6 4. Bh4 g5 5. Bg3 Nh5 6. Be5 f6 7. e4 Ng7 8. Bg3 b6 9. h4 Bb7 10. hxg5 fxg5 11. Bd3 Nc6 12. c3 d6 13. Ngf3 Qe7 14. Qe2 O-O-O 15. O-O-O Kb8 16. Rde1 Ne8 17. e5 d5 18. Nf1 Na5 19. Ne3 c5 20. Kb1 Bg7 21. Ng4 Nc7 22. Nf6 Nc6 23. Qe3 c4 24. Bc2 b5 25. a3 a5 26. Nh5 b4 27. axb4 axb4 28. Kc1 Nb5 29. Kd2 Kc7 30. Ra1 Ra8 31. Bg6 b3 32. Nh2 Ra2 33. Rhb1 Rha8 34. Rxa2 bxa2 35. Ra1 Na5 36. Bc2 Nb3+ 37. Bxb3 cxb3 38. f4 Na3 39. f5 Nc4+ 40. Kd3 Nxe3 0-1


[Site "https://www.chess.com"]

[Event "Early Titled Tuesday Blitz | February 8 2022"]
[White "Howell, David W L"]
[Black "Rustemov, Alexander"]
[WhiteFideId "410608"]
[BlackFideId "4119002"]
[WhiteElo "2559"]
[BlackElo "2831"]
[Result "1-0"]
[Round "09"]
[TimeControl "180+1"]
[Date "2022.02.08"]
[WhiteClock "0:00:40"]
[BlackClock "0:00:03"]

1. e4 e6 2. d4 d5 3. Nc3 dxe4 4. Nxe4 Bd7 5. Nf3 Bc6 6. Bd3 Nd7 7. O-O Ngf6 8. Neg5 Bd6 9. Re1 h6 10. Rxe6+ Kf8 11. Rxd6 cxd6 12. Nh3 g5 13. Nd2 Kg7 14. Nc4 Nf8 15. f3 Ng6 16. Nf2 Re8 17. Ne3 Nh4 18. c4 d5 19. c5 Bd7 20. Bd2 Qc8 21. Qc2 a5 22. Re1 a4 23. Bc3 Be6 24. Qd1 Qd7 25. Bc2 Nf5 26. Nf1 Re7 27. Nd3 Qb5 28. Ne5 Qe8 29. Qd3 Nh4 30. Ng3 Ng6 31. Qd2 Nd7 32. Nd3 Nf6 33. Ne5 Nd7 34. Nd3 Nf6 35. f4 gxf4 36. Nxf4 Bd7 37. Nfh5+ Nxh5 38. Nxh5+ Kh7 39. Nf6+ Kg7 40. Nxe8+ Raxe8 41. Rxe7 Rxe7 42. h3 Bb5 43. Bd3 1-0


[Site "https://www.chess.com"]

[Event "Early Titled Tuesday Blitz | February 8 2022"]
[White "Iljin, Timofey"]
[Black "Orlov, Georgi"]
[WhiteFideId "14110180"]
[BlackFideId "2011271"]
[WhiteElo "2396"]
[BlackElo "2472"]
[Result "1/2-1/2"]
[Round "09"]
[TimeControl "180+1"]
[Date "2022.02.08"]
[WhiteClock "0:01:43"]
[BlackClock "0:01:00"]

1. d4 Nf6 2. c4 Nc6 3. Nc3 e5 4. d5 Ne7 5. e4 Ng6 6. Nf3 Bb4 7. Qc2 Bxc3+ 8. bxc3 d6 9. h4 h6 10. g3 Nf8 11. Be2 Bg4 12. Be3 b6 13. Nd2 Bxe2 14. Kxe2 Ng4 15. Nf1 Nd7 16. f3 Nxe3 17. Nxe3 h5 18. Rag1 g6 19. f4 Qe7 20. f5 Nc5 21. g4 O-O-O 22. g5 Qd7 23. Rf1 Rhf8 24. Rh2 Qa4 25. Qb1 Qa3 26. Qc2 Qa4 27. Qb1 Qa3 28. Qc2 Qa4 1/2-1/2


[Site "https://www.chess.com"]

[Event "Early Titled Tuesday Blitz | February 8 2022"]
[White "Iskusnyh, Sergei"]
[Black "Pourramezanali, Amirreza"]
[WhiteFideId "4120027"]
[BlackFideId "12511412"]
[WhiteElo "2492"]
[BlackElo "2376"]
[Result "0-1"]
[Round "09"]
[TimeControl "180+1"]
[Date "2022.02.08"]
[WhiteClock "0:00:53"]
[BlackClock "0:01:44"]

1. d4 d5 2. c4 e6 3. Nf3 Nf6 4. g3 Bb4+ 5. Bd2 Be7 6. Bg2 O-O 7. O-O c6 8. Qc2 Nbd7 9. a3 b6 10. cxd5 cxd5 11. Bb4 Ba6 12. Nc3 Bxb4 13. axb4 Bb7 14. Rfc1 Qe7 15. Qb3 a6 16. e3 Rfc8 17. Bf1 Qd6 18. Rc2 Rc7 19. Rac1 Rac8 20. Bd3 Ne4 21. Bxe4 dxe4 22. Nd2 f5 23. Nc4 Rxc4 24. Nxe4 Rxc2 25. Rxc2 fxe4 0-1


[Site "https://www.chess.com"]

[Event "Early Titled Tuesday Blitz | February 8 2022"]
[White "Jaferian, Koosha"]
[Black "Borisova, Ekaterina"]
[WhiteFideId "12507440"]
[BlackFideId "34124184"]
[WhiteElo "2027"]
[BlackElo "2034"]
[Result "0-1"]
[Round "09"]
[TimeControl "180+1"]
[Date "2022.02.08"]
[WhiteClock "0:00:16"]
[BlackClock "0:00:13"]

1. Nf3 d5 2. b3 g6 3. Bb2 Nf6 4. c4 c6 5. g3 Bg7 6. Bg2 O-O 7. O-O a5 8. d4 Bf5 9. Nbd2 Ne4 10. Nxe4 Bxe4 11. e3 Nd7 12. Nd2 Bxg2 13. Kxg2 e6 14. Qe2 a4 15. Rfd1 Qb6 16. Bc3 Rfe8 17. c5 Qa6 18. Qxa6 Rxa6 19. f4 Nxc5 20. b4 Nd7 21. Rab1 b5 22. a3 Nb6 23. Re1 Ra7 24. Nf3 Nc4 25. Ra1 f6 26. Kf2 e5 27. fxe5 fxe5 28. dxe5 Nxe5 29. Nxe5 Bxe5 30. Bxe5 Rxe5 31. Rac1 Re6 32. Rc3 Rae7 33. Rec1 Rf7+ 34. Kg2 Rff6 35. R1c2 Kf7 36. Rd2 Ke7 37. Rd4 Rf5 38. Rd2 Rfe5 39. Kf2 Kd7 40. Rdc2 h5 41. Rc1 g5 42. R1c2 Re4 43. Rc1 g4 44. R1c2 Rf6+ 45. Kg2 Ree6 46. h3 Rf3 47. Re2 Kc7 48. hxg4 hxg4 49. Rd3 Re4 50. Re1 d4 51. Rh1 Rfxe3 52. Rh7+ Kb6 53. Rd2 Rxa3 54. Rf2 Rf3 55. Rxf3 gxf3+ 56. Kxf3 Re3+ 57. Kf4 a3 58. Rh2 Rb3 59. Ra2 Rxb4 60. Rxa3 Kc5 61. Ke4 Rb1 62. Ra2 Re1+ 63. Kf4 Kd5 64. g4 c5 65. Ra8 Kc4 66. Re8 Rxe8 67. Kf5 Ra8 68. g5 b4 69. g6 b3 70. g7 b2 71. Kf6 Rg8 72. Kf7 Rxg7+ 73. Kxg7 b1=Q 74. Kf7 d3 75. Ke6 d2 76. Kd7 Qb2 77. Kc6 Qd4 78. Kc7 Kd3 79. Kc6 c4 0-1


[Site "https://www.chess.com"]

[Event "Early Titled Tuesday Blitz | February 8 2022"]
[White "Janaszak, Dawid"]
[Black "Kiolbasa, Oliwia"]
[WhiteFideId "1119206"]
[BlackFideId "1154613"]
[WhiteElo "2199"]
[BlackElo "2190"]
[Result "1/2-1/2"]
[Round "09"]
[TimeControl "180+1"]
[Date "2022.02.08"]
[WhiteClock "0:00:10"]
[BlackClock "0:00:27"]

1. e4 e5 2. Nf3 Nc6 3. d4 exd4 4. Nxd4 Bc5 5. Nb3 Bb6 6. Nc3 Nf6 7. Qe2 a5 8. a4 O-O 9. Bg5 h6 10. Bh4 Nd4 11. Qd3 Nxb3 12. cxb3 Re8 13. O-O-O Qe7 14. f3 Qe5 15. Kb1 d6 16. Bxf6 Qxf6 17. Nd5 Qe6 18. Nxb6 cxb6 19. Qc4 Qg6 20. Qb5 Be6 21. Rxd6 Red8 22. Qxb6 Qg5 23. h4 Rxd6 24. Qxd6 Qe3 25. Bc4 Bxc4 26. bxc4 Rc8 27. Rc1 Qe2 28. Rc2 Qf1+ 29. Ka2 Rxc4 30. Rxc4 Qxc4+ 31. Kb1 Qxa4 32. Qb8+ Kh7 33. Qxb7 Qd1+ 34. Ka2 Qa4+ 35. Kb1 Qd1+ 36. Ka2 Qa4+ 37. Kb1 1/2-1/2


[Site "https://www.chess.com"]

[Event "Early Titled Tuesday Blitz | February 8 2022"]
[White "Jaskolka, Tomasz"]
[Black "Miszler, Levente"]
[WhiteFideId "1170791"]
[BlackFideId "763276"]
[WhiteElo "2054"]
[BlackElo "1966"]
[Result "1-0"]
[Round "09"]
[TimeControl "180+1"]
[Date "2022.02.08"]
[WhiteClock "0:00:09"]
[BlackClock "0:00:03"]

1. e4 c5 2. Nf3 e6 3. d4 cxd4 4. Nxd4 Nf6 5. Nc3 Nc6 6. Nxc6 bxc6 7. e5 Nd5 8. Ne4 f5 9. exf6 Nxf6 10. Nd6+ Bxd6 11. Qxd6 Qe7 12. Bf4 Nd5 13. Bg3 Qf6 14. O-O-O Ne7 15. Be5 Qf7 16. g4 O-O 17. Bd3 Nd5 18. f4 Qe7 19. Rdf1 a5 20. f5 exf5 21. Bxf5 Ba6 22. Rf3 g6 23. Rg1 Qg5+ 24. Kb1 gxf5 25. Qxd7 Nf6 26. Qe6+ Kg7 27. Rxf5 Qg6 28. g5 Bc8 29. gxf6+ Kh6 30. Rxg6+ hxg6 31. Bf4+ 1-0


[Site "https://www.chess.com"]

[Event "Early Titled Tuesday Blitz | February 8 2022"]
[White "Jumabayev, Rinat"]
[Black "Hess, Robert"]
[WhiteFideId "13702661"]
[BlackFideId "2022036"]
[WhiteElo "2561"]
[BlackElo "2557"]
[Result "0-1"]
[Round "09"]
[TimeControl "180+1"]
[Date "2022.02.08"]
[WhiteClock "0:00:07"]
[BlackClock "0:00:03"]

1. d4 g6 2. e4 Bg7 3. Nc3 a6 4. a4 d6 5. Be3 Nd7 6. Qd2 h6 7. Bc4 e6 8. Nge2 b6 9. Nf4 Bb7 10. Bxe6 fxe6 11. Nxe6 Qc8 12. d5 Rh7 13. Nxg7+ Rxg7 14. Bxh6 Nxh6 15. Qxh6 Kf7 16. O-O Nf6 17. f4 Rh7 18. Qg5 Rh5 19. Qg3 Qg4 20. Qxg4 Nxg4 21. h3 Nf6 22. Rae1 Re8 23. Kf2 c6 24. Kg3 cxd5 25. e5 dxe5 26. fxe5 Rhxe5 27. Rd1 Rf5 28. Rxf5 gxf5 29. Kf4 Kg6 30. Rd3 Nh5+ 31. Kf3 d4+ 32. Kf2 dxc3 33. Rxc3 Rc8 34. Rb3 Rxc2+ 35. Ke3 Rc6 36. g4 fxg4 37. hxg4 Nf6 38. Kf4 Rc4+ 39. Ke5 Nd5 40. a5 b5 41. Kd6 Rc6+ 42. Kd7 Nf6+ 43. Kd8 Nxg4 44. Rg3 Bc8 45. b4 Bf5 46. Rf3 Rc8+ 47. Ke7 Ne5 48. Rg3+ Bg4 49. Kd6 Kf5 50. Rg1 Rc6+ 51. Ke7 Re6+ 52. Kd8 Nc6+ 53. Kc7 Nxb4 54. Rf1+ Kg5 55. Rb1 Nd5+ 56. Kb7 b4 57. Rb2 Bf5 58. Rd2 b3 59. Rb2 Bc2 60. Ka7 Kf4 0-1


[Site "https://www.chess.com"]

[Event "Early Titled Tuesday Blitz | February 8 2022"]
[White "Kalogridis, Antonios"]
[Black "Martinovici, Ilia"]
[WhiteFideId "25833901"]
[BlackFideId "13907034"]
[WhiteElo "1495"]
[BlackElo "2303"]
[Result "0-1"]
[Round "09"]
[TimeControl "180+1"]
[Date "2022.02.08"]
[WhiteClock "0:00:15"]
[BlackClock "0:00:50"]

1. d4 d5 2. c4 c6 3. Nf3 Nf6 4. Nc3 e6 5. e3 Nbd7 6. b3 Bb4 7. Bd2 O-O 8. a3 Bd6 9. Be2 e5 10. cxd5 e4 11. Ne5 cxd5 12. f4 exf3 13. Nxf3 Re8 14. O-O a6 15. Bd3 Nf8 16. Ng5 Bg4 17. Nxf7 Bxh2+ 18. Kh1 Qc7 19. Nxd5 Bxd1 20. Nxc7 Bxc7 21. Bc4 Bh5 22. Nd6+ Kh8 23. Nxe8 Rxe8 24. Bd3 Ne6 25. Rac1 Bd6 26. b4 Ng5 27. Rf5 Nge4 28. Bxe4 Nxe4 29. Rxh5 Ng3+ 30. Kg1 Nxh5 31. e4 Bf4 32. Bxf4 Nxf4 33. e5 Ne2+ 0-1


[Site "https://www.chess.com"]

[Event "Early Titled Tuesday Blitz | February 8 2022"]
[White "Kanyamarala, Tarun"]
[Black "Delorme, Alban"]
[WhiteFideId "45004714"]
[BlackFideId "623636"]
[WhiteElo "2144"]
[BlackElo "2197"]
[Result "1-0"]
[Round "09"]
[TimeControl "180+1"]
[Date "2022.02.08"]
[WhiteClock "0:00:26"]
[BlackClock "0:00:05"]

1. d4 Nf6 2. c4 g6 3. Nc3 Bg7 4. e4 d6 5. Nf3 O-O 6. Be2 e5 7. d5 a5 8. Bg5 Na6 9. Nd2 Qe8 10. g4 Nc5 11. Be3 Bd7 12. h4 Qc8 13. f3 h5 14. Rg1 Kh8 15. g5 Ng8 16. Nf1 Ne7 17. Ng3 Kh7 18. f4 exf4 19. Bxf4 f6 20. Bxh5 gxh5 21. Nxh5 fxg5 22. Nxg7 Rxf4 23. Qh5+ Kg8 24. Rxg5 Rg4 25. Ne6+ Rxg5 26. Qxg5+ Kf7 27. Qg7+ Ke8 28. Qf8# 1-0


[Site "https://www.chess.com"]

[Event "Early Titled Tuesday Blitz | February 8 2022"]
[White "Karabalis, Harilos"]
[Black "Alinasab, Mobina"]
[WhiteFideId "4621808"]
[BlackFideId "12528897"]
[WhiteElo "2168"]
[BlackElo "2061"]
[Result "0-1"]
[Round "09"]
[TimeControl "180+1"]
[Date "2022.02.08"]
[WhiteClock "0:01:07"]
[BlackClock "0:00:37"]

1. e4 c5 2. a3 Nc6 3. Bc4 d6 4. d3 g6 5. h4 h5 6. Nc3 Bg7 7. Bg5 Nf6 8. Qd2 O-O 9. Bh6 a6 10. Nf3 b5 11. Ba2 Rb8 12. Ne2 Bg4 13. Bxg7 Kxg7 14. Ng5 Bxe2 15. Qxe2 e6 16. Bxe6 Nd4 17. Bxf7 Nxe2 18. Ne6+ Kxf7 19. Nxd8+ Rbxd8 20. Kxe2 d5 21. f3 dxe4 22. dxe4 Nd7 23. Rad1 Ne5 24. b3 Rd4 25. Rxd4 cxd4 26. Rd1 Rd8 27. f4 Ng4 28. Kf3 Ke7 29. Rd3 Ne3 30. c3 Nc2 31. Kf2 dxc3 32. Rxc3 Rd2+ 33. Kg3 Nxa3 34. Rc7+ Rd7 35. Rc6 Rd3+ 36. Kh2 Rxb3 37. Rxa6 Kf7 38. e5 Nc4 39. Rf6+ Kg7 40. Rc6 Ne3 41. Rc7+ Kh6 42. e6 Ng4+ 0-1


[Site "https://www.chess.com"]

[Event "Early Titled Tuesday Blitz | February 8 2022"]
[White "Kazarian, Anna-Maja"]
[Black "Fernandez, Michael"]
[WhiteFideId "1033689"]
[BlackFideId "5803560"]
[WhiteElo "2004"]
[BlackElo "2110"]
[Result "0-1"]
[Round "09"]
[TimeControl "180+1"]
[Date "2022.02.08"]
[WhiteClock "0:00:01"]
[BlackClock "0:00:14"]

1. e4 c6 2. d4 d5 3. exd5 cxd5 4. c4 Nf6 5. Nc3 Nc6 6. Nf3 Bg4 7. cxd5 Nxd5 8. Be2 e6 9. O-O Be7 10. Be3 O-O 11. Rc1 Rc8 12. h3 Bf5 13. Qd2 Bb4 14. Bd3 Bxd3 15. Qxd3 Nxe3 16. fxe3 Ne7 17. e4 Qb6 18. Kh1 Rfd8 19. e5 Ng6 20. Ne2 Qa5 21. Rxc8 Rxc8 22. Ng5 Rf8 23. Nf4 Be7 24. Nxg6 hxg6 25. Ne4 Qxa2 26. Qe3 Qxb2 27. Nf6+ gxf6 28. exf6 Bxf6 29. Rxf6 Rd8 30. Rf4 Qa1+ 31. Kh2 e5 32. Qxe5 Qa6 33. Kg1 Qd6 34. Qg5 Re8 35. Kf2 Qe7 36. Qxe7 Rxe7 37. Rf6 Kg7 38. Rd6 a5 39. Rb6 Rd7 40. Ke3 Rc7 41. Kd3 Kf8 42. Rb5 a4 43. Ra5 b5 44. Rxb5 Ra7 45. Rb1 Ke7 46. Ra1 Kd6 47. Ra3 Kd5 48. Kc3 g5 49. Kb4 Kxd4 0-1


[Site "https://www.chess.com"]

[Event "Early Titled Tuesday Blitz | February 8 2022"]
[White "Khamzin, Olzhas"]
[Black "Oro, Luis"]
[WhiteFideId "13701690"]
[BlackFideId "104094"]
[WhiteElo "2194"]
[BlackElo "2291"]
[Result "1-0"]
[Round "09"]
[TimeControl "180+1"]
[Date "2022.02.08"]
[WhiteClock "0:01:19"]
[BlackClock "0:01:30"]

1. d4 Nf6 2. Nc3 d5 3. Bg5 e6 4. e3 Be7 5. Qf3 Nbd7 6. g4 c5 7. O-O-O cxd4 8. exd4 b6 9. Bd3 Bb7 10. h4 Rc8 11. Nge2 a6 12. Bxf6 Bxf6 13. g5 Be7 14. Nf4 b5 15. Nce2 Qb6 16. Kb1 a5 17. Nh5 O-O 18. Rhg1 b4 19. Nf6+ Bxf6 20. gxf6 g6 21. h5 e5 22. hxg6 fxg6 23. Bxg6 hxg6 24. Rxg6+ Kf7 25. Qh5 Nxf6 26. Rxf6+ Kxf6 27. Qh6+ 1-0


[Site "https://www.chess.com"]

[Event "Early Titled Tuesday Blitz | February 8 2022"]
[White "Khripachenko, Alexander"]
[Black "De Silva, L M S T"]
[WhiteFideId "54184975"]
[BlackFideId "9953698"]
[WhiteElo "2177"]
[BlackElo "1631"]
[Result "1-0"]
[Round "09"]
[TimeControl "180+1"]
[Date "2022.02.08"]
[WhiteClock "0:00:17"]
[BlackClock "0:00:04"]

1. d4 Nf6 2. c4 e6 3. Nf3 b6 4. g3 Bb7 5. Bg2 g6 6. O-O Bg7 7. Nc3 Ne4 8. Qc2 Nxc3 9. Qxc3 O-O 10. Bg5 Qe8 11. Rfd1 d6 12. Qc2 Nd7 13. Rac1 f5 14. Bf4 Qe7 15. b4 h6 16. c5 g5 17. cxd6 cxd6 18. Qc7 gxf4 19. Qxb7 fxg3 20. hxg3 Rad8 21. e3 a5 22. bxa5 bxa5 23. Rc7 Rf7 24. Nh4 Qf6 25. Qa6 Rb8 26. Qxa5 Nf8 27. Rxf7 Qxf7 28. Rc1 Qf6 29. Qc7 Rb2 30. Qxd6 Rxa2 31. Rc8 Kh7 32. Bf3 Ng6 33. Nxg6 Qxg6 34. Qd8 Qf7 35. Rc7 Qg6 36. Qe7 Ra1+ 37. Kg2 f4 38. exf4 Ra3 39. d5 exd5 40. Bxd5 h5 41. Be4 1-0


[Site "https://www.chess.com"]